 Seeded DCSS version 0.29.1-13-g9f3cf754e1 (webtiles) character file.

Game seed: 20230119 (custom seed)

62 stormannn the Shooter (level 3, -3/31 HPs)
             Began as a Minotaur Hunter on Jan 19, 2023.
             Slain by Sigmund
             ... wielding a +0 scythe
              (10 damage)
             ... on level 3 of the Dungeon.
             The game lasted 00:01:13 (1949 turns).

stormannn the Shooter (Minotaur Hunter)             Turns: 1949, Time: 00:01:14

Health: -3/31      AC:  3    Str: 15    XL:     3   Next: 85%
Magic:  2/2        EV: 12    Int:  6    God:
Gold:   142        SH:  0    Dex: 15    Spells: 2/2 levels left

rFire   . . .      SeeInvis .   a - +0 shortbow
rCold   . . .      Faith    .   (shield currently unavailable)
rNeg    . . .      Spirit   .   c - +0 leather armour
rPois   .          Reflect  .   (helmet restricted)
rElec   .          Harm     .   (no cloak)
rCorr   .          Rampage  .   (no gloves)
Will    .....                   (no boots)
Stlth   +.........              (no amulet)
HPRegen 0.10/turn               (no ring)
MPRegen 0.08/turn               (no ring)

@: confused
A: horns 2, retaliatory headbutt
a: no special abilities


You were on level 3 of the Dungeon.
You visited 1 branch of the dungeon, and saw 3 of its levels.

You collected 142 gold pieces.

Inventory:

Hand Weapons
 a - a +0 shortbow (weapon)
Armour
 c - a +0 leather armour (worn)
Wands
 o - a wand of flame (30)
Scrolls
 b - a scroll of immolation
 e - a scroll of identify {unknown}
 f - 2 scrolls of summoning {unknown}
 g - a scroll of fog {unknown}
 i - 2 scrolls of teleportation {unknown}
 n - a scroll of vulnerability {unknown}
Potions
 d - a potion of flight {unknown}
 h - a potion of lignification {unknown}
 j - 3 potions of curing {unknown}
 k - a potion of berserk rage {unknown}
 l - 2 potions of degeneration {unknown}
 m - 2 potions of heal wounds {unknown}
 p - a potion of magic {unknown}


   Skills:
 + Level 3.1 Fighting
 * Level 5.1 Ranged Weapons
 + Level 1.6 Armour
 + Level 2.9 Dodging
 - Level 0.7 Stealth


You had 2 spell levels left.
You didn't know any spells.
Your spell library contained the following spells:

 Spells                   Type           Power      Damage    Failure   Level
 Scorch                   Fire           0%         2d5       67%         2
 Gell's Gravitas          Tloc           0%         N/A       88%         3
 Teleport Other           Tloc           0%         N/A       88%         3
 Flame Wave               Conj/Fire      0%         2d4       99%         4
 Dispersal                Tloc           0%         N/A       100%        6
 Summon Cactus Giant      Summ           0%         N/A       100%        6


Dungeon Overview and Level Annotations

Branches:
Dungeon (3/15)

Altars:

Annotations:
D:3 Sigmund


Innate Abilities, Weirdness & Mutations

You have a pair of horns on your head.
You reflexively headbutt those who attack you in melee.


Message History

Non-targeted confused fire: a) +0 shortbow
Press: ? - help, Q - select action, (/) - cycle Dir - look around, f - activate You shoot an arrow.
Non-targeted confused fire: a) +0 shortbow
Press: ? - help, Q - select action, (/) - cycle Dir - look around, f - activate You shoot an arrow.
Sigmund gestures at you while chanting. You resist with significant effort.
Non-targeted confused fire: a) +0 shortbow
Press: ? - help, Q - select action, (/) - cycle Dir - look around, f - activate
Okay, then.
You feel less confused.
You shoot an arrow. The arrow hits Sigmund.
Sigmund is moderately wounded.
Sigmund barely misses you.
You shoot an arrow. The arrow hits Sigmund.
Sigmund is moderately wounded.
Sigmund hits you from afar with a +0 scythe.
You shoot an arrow. The arrow barely misses Sigmund.
Sigmund hits you from afar with a +0 scythe!
You shoot an arrow. The arrow hits Sigmund.
Sigmund is heavily wounded.
Sigmund hits you from afar with a +0 scythe!
* * * LOW HITPOINT WARNING * * *
You are too injured to fight recklessly!
You are too injured to fight recklessly!
Unknown command.
You are too injured to fight recklessly!
Fire: a) +0 shortbow
Press: ? - help, Q - select action, (/) - cycle Shift-Dir - straight line, f/p - Sigmund
Aim: Sigmund, wielding a +0 scythe and wearing a +0 robe (heavily wounded, 58% to hit)
You shoot an arrow. The arrow hits Sigmund!
Sigmund is severely wounded.
Sigmund points at you and mumbles some strange words.
You are confused.
Non-targeted confused fire: a) +0 shortbow
Press: ? - help, Q - select action, (/) - cycle Dir - look around, f - activate You shoot an arrow.
Sigmund hits you from afar with a +0 scythe!
You die...

####...[.........#########
...'..........#..........#
####.......#############.#
.....................# #.#
####################.# #.#
#................#.# #.#
#.##############.#.# #.#
#.# #########.#.# #.#
###.# .....@.@..#.# #.#
....# ###########.# #.#
##### #.# #.# #.# #.# #.#
#.# #.# #.# #.# #.# #.#
#.# #.# #.#


You could see Sigmund.

Vanquished Creatures
  2 adders
  3 endoplasms
  6 giant cockroaches
  2 goblins (D:1)
  A hobgoblin (D:1)
  4 jackals (D:2)
  3 kobolds (D:1)
  4 quokkas
  4 ball pythons
  4 bats
  2 frilled lizards (D:1)
  3 rats
38 creatures vanquished.

Notes
Turn   | Place    | Note
-------+----------+-------------------------------------------
     0 | D:1      | stormannn the Minotaur Hunter began the quest for the Orb.
     0 | D:1      | Reached XP level 1. HP: 18/18 MP: 0/0
   274 | D:1      | Reached XP level 2. HP: 25/25 MP: 1/1
   456 | D:1      | Reached skill level 1 in Armour
   817 | D:2      | Reached XP level 3. HP: 30/30 MP: 2/2
  1113 | D:2      | Reached skill level 5 in Ranged Weapons
  1187 | D:2      | Found a faded altar of an unknown god.
  1937 | D:3      | Noticed Sigmund
  1949 | D:3      | Slain by Sigmund

Illustrated notes

Levels and vault maps discovered:
D:1:      lemuel_arrival_behind_the_door_small, layout_loops_cross
D:2:      layout_basic, dreamdust_ecumenical_altar_angels_and_demons
D:3:      layout_basic, uniq_sigmund

Skill      XL: |  1  2  3 |
---------------+----------+-----
Armour         | 1 |  1.6
Fighting       | 3 |  3.1
Ranged Weapons | 5 |  5.1
Dodging        | |  2.9
Stealth        | |  0.7

Action                   || total
-------------------------++-------
 Fire: Shortbow          ||   106
Armor: Leather armour    ||     5
Dodge: Dodged            ||    21
